 Dungeon Crawl Stone Soup version 0.29.0-4-gdea44cf6ec (webtiles) character file.

Game seed: 13422961494835095082

46325 gelatine the Fighter (level 14, -2/127 HPs)
             Began as a Demonspawn Gladiator on Aug 27, 2022.
             Was a High Priest of Wu Jian.
             Killed by the raging water
             ... invoked by a water nymph
              (21 damage)
             ... on level 1 of the Shoals.
             The game lasted 01:18:27 (17150 turns).

gelatine the Fighter (Demonspawn Gladiator)        Turns: 17150, Time: 01:18:29

Health: -2/127     AC: 23    Str: 17    XL:     14   Next: 4%
Magic:  12/12      EV: 18    Int: 10    God:    Wu Jian [*****.]
Gold:   1093       SH:  0    Dex: 17    Spells: 13/13 levels left

rFire   . . .      SeeInvis .   P - +7 scimitar (flame)
rCold   + . .      Faith    .   S - orb {light}
rNeg    + . .      Spirit   .   y - +5 scale mail of Bellicose Wonder {rN+ Will+}
rPois   +          Reflect  .   c - +2 helmet
rElec   .          Harm     .   (no cloak)
rCorr   .          Rampage  .   z - +2 pair of gloves
Will    ++...                   f - +2 pair of boots
Stlth   +.........              q - amulet of regeneration
HPRegen 4.11/turn               O - ring of poison resistance
MPRegen 0.13/turn               U - +4 ring of evasion

@: glowing, very slow
A: powered by death 2, spiny 2, sturdy frame 2, weakness stinger 2, cold
resistance 1, low MP 1, robust 1
a: Renounce Religion, Wall Jump, Serpent's Lash, Heavenly Storm


You were on level 1 of the Shoals.
You worshipped Wu Jian.
Wu Jian was extremely pleased with you.
You visited 5 branches of the dungeon, and saw 21 of its levels.
You also visited: Ice Cave.

You collected 2633 gold pieces.
You spent 1540 gold pieces at shops.

Inventory:

Hand Weapons
 a - the +10 rapier "Ytifoume" {drain, Dex+2}
   (You found it on level 6 of the Dungeon)

   A truly terrible weapon, it drains the life of any living foe it strikes.
   Dex:       It affects your dexterity (+2).
 b - the +10 sling of Yxugen {freeze, rC+}
   (You found it on level 10 of the Dungeon)

   Any ammunition fired from it freezes those it strikes, dealing additional
   cold damage.
   It can also slow down cold-blooded creatures.
   rC:        It protects you from cold.
 P - a +7 scimitar of flaming (weapon)
Missiles
 d - 3 throwing nets
 e - 3 javelins
 g - a boomerang (quivered)
 s - 47 poisoned darts
 v - 6 atropa-tipped darts
 T - a curare-tipped dart
Armour
 c - a +2 helmet (worn)
 f - a +2 pair of boots (worn)
 y - the +5 scale mail of Bellicose Wonder (worn) {rN+ Will+}
   (You bought it in a shop on level 3 of the Dungeon)

   rN:        It protects you from negative energy.
   Will:      It increases your willpower.
 z - a +2 pair of gloves (worn)
 A - the +0 helmet of Rowkuppu {Int+4}
   (You bought it in a shop on level 3 of the Dungeon)

   Int:       It affects your intelligence (+4).
 J - +0 ice dragon scales
 S - an orb of light (worn)
Magical Staves
 M - a staff of earth
Jewellery
 q - an amulet of regeneration (around neck)
 x - a ring of fire
 G - a ring of fire
 O - a ring of poison resistance (left hand)
 U - a +4 ring of evasion (right hand)
 Z - an amulet of guardian spirit
Wands
 l - a wand of iceblast (8)
 n - a wand of mindburst (10)
 B - a wand of paralysis (19)
 F - a wand of acid (2)
 H - a wand of digging (11)
 V - a wand of polymorph (9)
Scrolls
 i - a scroll of magic mapping
 k - 9 scrolls of teleportation
 t - 4 scrolls of vulnerability
 w - 2 scrolls of fog
 D - 5 scrolls of fear
 K - a scroll of blinking
 R - a scroll of poison
Potions
 h - 2 potions of berserk rage
 j - 3 potions of resistance
 m - 5 potions of mutation
 o - 4 potions of attraction
 p - 5 potions of brilliance
 r - 11 potions of curing
 u - a potion of heal wounds
 C - a potion of lignification
 E - 6 potions of haste
 I - a potion of ambrosia
 L - 2 potions of invisibility
 Q - 2 potions of might
 X - 3 potions of flight {unknown}
Miscellaneous
 W - a tin of tremorstones (2/2)
 Y - a box of beasts (inert)


   Skills:
 * Level 12.6 Fighting
 + Level 9.7(11.4) Short Blades
 + Level 9.7(11.5) Long Blades
 + Level 6.5 Axes
 + Level 2.9 Ranged Weapons
 + Level 7.3 Throwing
 + Level 7.8 Armour
 + Level 6.8 Dodging
 + Level 3.8 Stealth


You had 13 spell levels left.
You didn't know any spells.
Your spell library contained the following spells:

 Spells                   Type           Power      Damage    Failure   Level
 Sandblast                Erth           0%         2d4       50%         1
 Ensorcelled Hibernation  Hex/Ice        0%         N/A       63%         2
 Passwall                 Tmut/Erth      0%         N/A       63%         2
 Ozocubu's Armour         Ice            0%         N/A       86%         3
 Portal Projectile        Hex/Tloc       0%         N/A       86%         3
 Spider Form              Tmut/Pois      0%         N/A       86%         3
 Stone Arrow              Conj/Erth      0%         3d7       86%         3
 Summon Guardian Golem    Hex/Summ       0%         N/A       86%         3
 Tukima's Dance           Hex            0%         N/A       86%         3
 Anguish                  Hex/Necr       0%         N/A       99%         4
 Hailstorm                Conj/Ice       0%         3d3       99%         4
 Ice Form                 Ice/Tmut       0%         N/A       99%         4
 Sticky Flame             Conj/Fire      0%         2d3       99%         4
 Summon Ice Beast         Ice/Summ       0%         N/A       99%         4
 Blade Hands              Tmut           0%         N/A       100%        5
 Freezing Cloud           Conj/Ice/Air   0%         6-21      100%        5
 Metabolic Englaciation   Hex/Ice        0%         N/A       100%        5
 Summon Mana Viper        Hex/Summ       0%         N/A       100%        5
 Simulacrum               Ice/Necr       0%         N/A       100%        6
 Monstrous Menagerie      Summ           0%         N/A       100%        7
 Orb of Destruction       Conj           0%         9d5       100%        7
 Ozocubu's Refrigeration  Ice            0%         4d7       100%        7
 Spellforged Servitor     Conj/Summ      0%         N/A       100%        7
 Ignition                 Fire           0%         3d3       100%        8
 Polar Vortex             Ice            0%         N/A       100%        9


Dungeon Overview and Level Annotations

Branches:
Dungeon (15/15)            Temple (1/1) D:7            Lair (2/5) D:10
 Shoals (1/4) Lair:2        Snake (2/4) Lair:2          Orc (0/2) D:10
 Depths (0/4) D:15          IceCv (visited)
 Vaults: D:13-14

Altars:
Ashenzari
Cheibriados
Dithmenos
Fedhas
Gozag
Hepliaklqana
Kikubaaqudgha
Makhleb
Nemelex Xobeh
Okawaru
Qazlal
Ru
Sif Muna
Trog
Uskayaw
Vehumet
Wu Jian
Xom
Yredelemnul
Lugonu

Shops:
D:3 [   D:7 *   D:10 ?   Snake:1 !   Snake:2 **

Portals:
Trove: D:12 (give +5 ice dragon scales)

Annotations:
D:5 2 transporters
D:9 exclusion: obsidian statue
Shoals:1 Louise


Innate Abilities, Weirdness & Mutations

You regenerate health from kills.
You are mostly covered in sharp spines.
Your movements are less encumbered by armour. (ER -4)
You have a tail ending in a sharp stinger.
Your flesh is cold resistant. (rC+)
Your magical capacity is low. (-10% MP)
You are robust. (+10% HP)


Message History

The water nymph points at you and mumbles some strange words.
The water swirls and strikes you.
The manticore barely misses your larval batweird beast.
The manticore claws your larval batweird beast.
Your larval batweird beast dies!
Your larval batweird beast's corpse disappears in a puff of smoke!
The merfolk impaler hits you from afar with a +0 vorpal trident.
You slice the water nymph!! You burn the water nymph.
The water nymph is almost dead.
The faun unwields a +0 club.
The faun wields a +0 sling.
The faun shoots a sling bullet.
The sling bullet hits you but does no damage.
The water nymph points at you and mumbles some strange words.
The water swirls and strikes you!!
* * * LOW HITPOINT WARNING * * *
You hear a shout!
You feel much better.
The merfolk javelineer throws a javelin.
The javelin pierces through you!
* * * LOW HITPOINT WARNING * * *
The manticore is struck by your spines.
The manticore bites you but does no damage.
The manticore barely misses you. The manticore completely misses you.
The water nymph touches you.
* * * LOW HITPOINT WARNING * * *
The water nymph drowns you!
* * * LOW HITPOINT WARNING * * *
Read: 6 scrolls of fear
Press: ? - help, Q - select action, (/) - cycle Dir - look around, f - activate Look: a water nymph (almost dead, haloed, chance to affect: 47%)
As you read the scroll of fear, it crumbles to dust.
You assume a fearsome visage.
The manticore looks frightened!
The merfolk javelineer resists with almost no effort.
The faun looks frightened!
The water nymph looks frightened!
The merfolk javelineer throws a javelin.
The javelin pierces through you but does no damage.
The water nymph gestures at you while chanting.
The water swirls and strikes you!!
You die...

≈≈≈~.......#
≈≈≈≈≈..~c~.≈
≈≈≈≈≈.~~...#
≈≈~~~~~....
≈≈...~~~~.# .≈
~~~≈~~≈~H.##...≈
.~~~≈≈≈≈m~)mm~..#
~~~~~≈≈~~~@# ..~#
.~~~~~~≈~~~~# ~~~#
..~~~~~~~~~~~#mm~~#
..~≈≈~~~~~~..#@H~
#..~≈≈≈≈≈~~..≈# .
#...~≈≈≈~~....#
.####...~≈≈≈~~.)..#
.#......~~~~)~....##
.......~~.~~....~~~#


You could see a merfolk impaler, a merfolk javelineer, a faun (fleeing), a
manticore (fleeing) and a water nymph (fleeing).

Vanquished Creatures
  A nagaraja (Snake:2)
  A merfolk javelineer (Shoals:1)
  2 merfolk impalers (Shoals:1)
  A boulder beetle (Lair:1)
  An ice dragon (D:12)
  A salamander tyrant (Snake:2)
  3 anacondas (Snake:2)
  A hydra (Lair:2)
  2 two-headed ogres
  Erica (D:8)
  A naga warrior (Snake:1)
  4 naga sharpshooters (Snake:2)
  A shock serpent (Snake:2)
  2 bog bodies (IceCv)
  A sea snake (Snake:2)
  A naga ritualist (Snake:1)
  2 mana vipers
  6 salamanders (Snake:2)
  3 fauns (Shoals:1)
  2 manticores (Shoals:1)
  An ugly thing (D:12)
  A merfolk siren (Shoals:1)
  Joseph (D:7)
  3 naga magi (Snake:2)
  11 black mambas
  An ice statue (IceCv)
  2 cane toads (Lair:2)
  Psyche (D:8)
  A gargoyle (D:10)
  A rime drake (Lair:2)
  5 komodo dragons
  4 trolls
  4 polar bears
  A snapping turtle (Shoals:1)
  A shadow (D:11)
  A wraith (D:12)
  A dire elephant simulacrum (IceCv)
  A vampire (D:11)
  4 wyverns
  Grum (D:8)
  4 basilisks
  A water elemental (D:12)
  A steam dragon (D:9)
  32 yaks
  7 death yak simulacra (IceCv)
  An acid dragon (D:12)
  A harpy simulacrum (IceCv)
  13 nagas
  3 water moccasins
  A hydra simulacrum (IceCv)
  3 orc warriors
  2 ice beasts
  2 sky beasts (D:6)
  8 wolves
  2 ogres
  10 centaurs
  A phantom (D:4)
  4 kobold brigands
  Blork the orc (D:4)
  14 bullfrogs
  8 scorpions
  6 two-headed ogre simulacra (IceCv)
  A cane toad simulacrum (IceCv)
  5 wights (D:6)
  An elephant simulacrum (IceCv)
  11 killer bees
  3 electric eels
  3 howler monkeys
  A lava snake (D:7)
  4 orc priests
  2 jellies
  A gnoll bouda (D:6)
  3 hounds (D:6)
  10 orc wizards
  6 iguanas
  3 polar bear simulacra (IceCv)
  5 spriggan simulacra (IceCv)
  4 troll simulacra (IceCv)
  2 wolf simulacra (IceCv)
  7 gnolls
  9 adders
  6 naga simulacra (IceCv)
  A shadow imp (D:7)
  7 white imps
  6 ufetubi
  A worm (D:3)
  A dart slug (D:4)
  27 orcs
  7 ball pythons
  8 endoplasms
  2 giant cockroaches
  7 goblins
  4 hobgoblins
  3 jackals (D:2)
  3 quokkas
  10 bats
  3 frilled lizards
  26 kobolds
  2 rats
  A butterfly (Lair:2)
414 creatures vanquished.

Vanquished Creatures (collateral kills)
  A shock serpent (Snake:1)
1 creature vanquished.

Vanquished Creatures (others)
  A yak (D:9)
  6 fungi
  59 plants
  A withered plant (D:8)
67 creatures vanquished.

Grand Total: 482 creatures vanquished

Notes
Turn   | Place    | Note
-------+----------+-------------------------------------------
     0 | D:1      | gelatine the Demonspawn Gladiator began the quest for the
                  | Orb.
     0 | D:1      | Reached XP level 1. HP: 16/16 MP: 1/1
   604 | D:1      | Found a faded altar of an unknown god.
   611 | D:1      | Gained mutation: You are partially covered in sharp spines.
                  | [demonic ancestry]
   611 | D:1      | Reached XP level 2. HP: 9/22 MP: 2/2
   790 | D:1      | Prayed at the altar of an unknown god.
   790 | D:1      | Became a worshipper of the Wu Jian Council
   790 | D:1      | Reached * piety under Wu Jian
  1325 | D:2      | Reached XP level 3. HP: 27/27 MP: 3/3
  1334 | D:2      | Reached skill level 1 in Armour
  1692 | D:2      | Found a burning altar of Makhleb.
  1812 | D:3      | Gained mutation: You regenerate a little health from kills.
                  | [demonic ancestry]
  1812 | D:3      | Reached XP level 4. HP: 33/33 MP: 4/4
  1823 | D:3      | Noticed an ice beast
  1830 | D:3      | Killed an ice beast
  1831 | D:3      | Reached XP level 5. HP: 22/39 MP: 5/5
  2481 | D:3      | Reached ** piety under Wu Jian
  2488 | D:3      | HP: 1/40 [orc priest/nerve-wracking pain (7)]
  2489 | D:3      | Gained mutation: Your flesh is cold resistant. (rC+)
                  | [potion of mutation]
  2489 | D:3      | Gained mutation: Your magical capacity is low. (-10% MP)
                  | [potion of mutation]
  2489 | D:3      | Gained mutation: You are robust. (+10% HP) [potion of
                  | mutation]
  2492 | D:3      | Reached skill level 3 in Fighting
  3032 | D:3      | Found Dusurom's Armour Shoppe.
  3174 | D:4      | Found a bloodstained altar of Trog.
  3177 | D:4      | Found a radiant altar of Vehumet.
  3298 | D:4      | Found a snail-covered altar of Cheibriados.
  3456 | D:4      | Reached skill level 1 in Stealth
  3472 | D:4      | Gained mutation: You have a small tail. [demonic ancestry]
  3472 | D:4      | Reached XP level 6. HP: 38/51 MP: 5/5
  3612 | D:4      | Found a shimmering blue altar of Sif Muna.
  3614 | D:4      | Found a shadowy altar of Dithmenos.
  3617 | D:4      | Noticed Blork the orc
  3660 | D:4      | Killed Blork the orc
  3865 | D:4      | Reached skill level 5 in Axes
  3981 | D:4      | Reached XP level 7. HP: 45/58 MP: 6/6
  4462 | D:5      | Entered Level 5 of the Dungeon
  4726 | D:5      | Reached skill level 4 in Fighting
  4869 | D:5      | Found a sparkling altar of Nemelex Xobeh.
  4890 | D:5      | Found a transporter.
  4892 | D:5      | Noticed a yak
  4894 | D:5      | Found a transporter.
  4894 | D:5      | Noticed a troll
  4902 | D:5      | Found an iron altar of Okawaru.
  4926 | D:5      | Got the Exposition on Kindling
  5049 | D:5      | Identified the +8 dagger "Quotuisk" {freeze, rC+ Dex+3}
  5056 | D:5      | Found a broken altar of Ashenzari.
  5543 | D:6      | Gained mutation: You are mostly covered in sharp spines.
                  | [demonic ancestry]
  5543 | D:6      | Reached XP level 8. HP: 67/67 MP: 7/7
  5576 | D:6      | Reached skill level 5 in Fighting
  5733 | D:6      | Reached *** piety under Wu Jian
  5755 | D:6      | Reached skill level 1 in Short Blades
  5839 | D:6      | Found an opulent altar of Gozag.
  6003 | D:6      | Identified the +10 rapier "Ytifoume" {drain, Dex+2}
  6486 | D:7      | Gained mutation: Your movements are slightly less
                  | encumbered by armour. (ER -2) [demonic ancestry]
  6486 | D:7      | Reached XP level 9. HP: 74/75 MP: 8/8
  6538 | D:7      | Reached skill level 5 in Armour
  6560 | D:7      | Reached skill level 6 in Fighting
  6741 | D:7      | Found Ucotweil's General Store.
  6783 | D:7      | Identified a scroll of acquirement
  6784 | D:7      | Acquired 1232 gold pieces
  6911 | D:3      | Bought the +5 scale mail of Bellicose Wonder {rN+ Will+}
                  | for 641 gold pieces
  6911 | D:3      | Bought the +0 helmet of Rowkuppu {Int+4} for 278 gold
                  | pieces
  7199 | D:7      | Found an ornate altar of the Wu Jian Council.
  7201 | D:7      | Noticed Joseph
  7218 | D:7      | Killed Joseph
  7557 | D:7      | Found a staircase to the Ecumenical Temple.
  7566 | Temple   | Entered the Ecumenical Temple
  7822 | D:8      | Noticed Grum
  7831 | D:8      | Killed Grum
  7844 | D:8      | Noticed Erica
  7850 | D:8      | Killed Erica
  7851 | D:8      | Reached skill level 5 in Throwing
  7864 | D:8      | Noticed Psyche
  7870 | D:8      | Killed Psyche
  7871 | D:8      | Gained mutation: You regenerate health from kills. [demonic
                  | ancestry]
  7871 | D:8      | Reached XP level 10. HP: 50/84 MP: 9/9
  7880 | D:8      | Reached **** piety under Wu Jian
  8150 | D:8      | Found a sacrificial altar of Ru.
  8184 | D:8      | Reached skill level 7 in Fighting
  8352 | D:8      | Found an ancient bone altar of Kikubaaqudgha.
  8356 | D:8      | Found a blossoming altar of Fedhas.
  8714 | D:9      | Noticed a two-headed ogre
  8722 | D:9      | Reached skill level 5 in Short Blades
  8729 | D:9      | Killed a two-headed ogre
  8761 | D:9      | Noticed an obsidian statue
  8822 | D:9      | Reached skill level 8 in Fighting
  9084 | D:9      | Reached ***** piety under Wu Jian
  9367 | D:10     | Entered Level 10 of the Dungeon
  9394 | D:10     | Found Dadom's Magic Scroll Shoppe.
  9402 | D:10     | Bought 3 scrolls of enchant weapon for 247 gold pieces
  9405 | D:10     | Bought a scroll of enchant armour for 82 gold pieces
  9405 | D:10     | Bought a scroll of enchant armour for 82 gold pieces
  9549 | D:10     | Gained mutation: You have a tail ending in a sharp stinger.
                  | [demonic ancestry]
  9549 | D:10     | Reached XP level 11. HP: 95/95 MP: 9/9
  9573 | D:10     | Identified the +10 sling of Yxugen {freeze, rC+}
  9979 | D:10     | Found a staircase to the Lair.
  9989 | D:10     | Found a staircase to the Orcish Mines.
 10371 | D:11     | Reached skill level 1 in Ranged Weapons
 10378 | D:11     | Reached skill level 9 in Fighting
 10378 | D:11     | Reached skill level 5 in Dodging
 10609 | D:11     | Noticed a two-headed ogre
 10617 | D:11     | Killed a two-headed ogre
 11037 | D:12     | Noticed a brown ugly thing
 11043 | D:12     | Killed a brown ugly thing
 11363 | D:12     | Found a portal to a secret trove of treasure.
 11525 | D:12     | Found a frozen archway.
 11531 | D:12     | Noticed an ice dragon
 11559 | D:12     | Killed an ice dragon
 11572 | IceCv    | Entered an ice cave
 12238 | IceCv    | Reached XP level 12. HP: 98/106 MP: 10/10
 12278 | IceCv    | Reached skill level 10 in Fighting
 12308 | IceCv    | Reached ****** piety under Wu Jian
 12770 | D:13     | You fall into a shaft and drop 2 floors!
 12770 | D:15     | Entered Level 15 of the Dungeon
 12810 | D:13     | Noticed a tengu warrior
 12810 | D:13     | Noticed a centaur warrior
 12897 | Lair:1   | Entered Level 1 of the Lair of Beasts
 13030 | Lair:1   | Reached skill level 1 in Long Blades
 13069 | Lair:1   | Noticed a boulder beetle
 13099 | Lair:1   | Killed a boulder beetle
 14000 | Lair:2   | Noticed a five-headed hydra
 14016 | Lair:2   | Killed a two-headed hydra
 14026 | Lair:2   | Reached skill level 5 in Long Blades
 14036 | Lair:2   | Found a staircase to the Snake Pit.
 14069 | Lair:2   | Found a staircase to the Shoals.
 14800 | Snake:1  | Entered Level 1 of the Snake Pit
 14843 | Snake:1  | Reached skill level 11 in Fighting
 14850 | Snake:1  | Found Wifui's Distillery.
 14861 | Snake:1  | Bought a potion of heal wounds for 75 gold pieces
 14861 | Snake:1  | Bought a potion of curing for 45 gold pieces
 14861 | Snake:1  | Bought a potion of curing for 45 gold pieces
 14861 | Snake:1  | Bought a potion of curing for 45 gold pieces
 14878 | Snake:1  | Reached XP level 13. HP: 116/116 MP: 9/11
 15042 | Snake:1  | You fall into a shaft and drop 1 floor!
 15280 | Snake:2  | Identified the +1 robe "Husenyta" {Stlth+}
 15594 | Snake:2  | Noticed a nagaraja
 15603 | Snake:2  | Killed a nagaraja
 16078 | Snake:2  | Reached skill level 12 in Fighting
 16328 | Snake:2  | Found Nosoront's General Store.
 16332 | Snake:2  | Found Epli's Specific Store.
 17033 | Shoals:1 | Entered Level 1 of the Shoals
 17104 | Shoals:1 | Noticed Louise
 17105 | Shoals:1 | Noticed a merfolk impaler
 17108 | Shoals:1 | Noticed a merfolk javelineer
 17110 | Shoals:1 | Noticed a merfolk impaler
 17110 | Shoals:1 | Noticed a merfolk javelineer
 17111 | Shoals:1 | Noticed a merfolk impaler
 17115 | Shoals:1 | Killed a merfolk impaler
 17121 | Shoals:1 | Killed a merfolk javelineer
 17122 | Shoals:1 | Gained mutation: Your movements are less encumbered by
                  | armour. (ER -4) [demonic ancestry]
 17122 | Shoals:1 | Reached XP level 14. HP: 90/127 MP: 12/12
 17150 | Shoals:1 | Killed from afar by a water nymph

Illustrated notes

Levels and vault maps discovered:
D:1:      roderic_crop_circles_arrival_large, layout_loops_ring,
          shapermc_ecumenical_altar_totnotflames, minmay_misc_feat_roman,
          st_stairs_12
D:2:      layout_rooms, basic_altar, item_on_display_a
D:3:      layout_loops_corners, serial_shops, nicolae_lakefront_shop
D:4:      layout_basic, kennysheep_mini_moat, nicolae_overflow_hidden_temple,
          jmf_multi_god_temple, chequers_serial_rivers_micro_a,
          kennysheep_boxes, uniq_blork_the_orc, uniq_crazy_yiuf_cottage
D:5:      old_forge, layout_cave_pools, nemelex_xobeh_ov_fountains_minmay,
          gammafunk_temple_overflow_arena, mainiacjoe_overflow_alcove_4,
          minivault_19
D:6:      layout_loops_ring, mainiacjoe_overflow_brackets, serial_rivers,
          chequers_serial_rivers_micro_d, chequers_serial_rivers_room_a,
          chequers_serial_rivers_micro_e, chequers_serial_rivers_micro_e
D:7:      layout_basic, mainiacjoe_overflow_paths, minmay_temple_entry_poolview,
          serial_shops, shop, nicolae_lava_and_water, uniq_joseph
D:8:      layout_loops_corners, grunt_temple_overflow_growth_and_decay,
          nicolae_ru_great_annihilating_truth, corner_web_ring, uniq_grum,
          uniq_psyche, uniq_erica
D:9:      layout_rooms, minivault_16, minmay_misc_feat_plants,
          minmay_misc_feat_secret_circle, minmay_starry_boxes
D:10:     layout_basic, lair_entry_dummy, orc_0_dummy, serial_shops,
          nicolae_stop_n_shop_1, nicolae_kite_square_tiling_tiny,
          kennysheep_big_empty_room, grunt_decor_arrowhead
D:11:     layout_gridville
D:12:     layout_basic, portal_ice_cave_entry_animals_and_master,
          nicolae_trove_entry_diagonal, drop_trap
D:13:     layout_rooms
D:14:     layout_rooms, david_vaults_3, kennysheep_cross_bottleneck,
          kennysheep_generic_room_14
D:15:     grunt_enter_depths_magical_seal, layout_basic, lemuel_tele_altar,
          serial_shops, nicolae_diamond_shop
Temple:   corrupted_temple
Lair:1:   wad_woods_04, layout_misc_corridors, minmay_stone_trees_medium,
          nzn_sisyphean_effort
Lair:2:   layout_regular_city, minmay_shoals_entry_centaurs,
          minmay_snake_entry_guardpost_small, lemuel_fruit_fields
Shoals:1: layout_shoals, nicolae_shoals_pincushion_passage, uniq_louise
Snake:1:  layout_misc_corridors, serial_shops, shop
Snake:2:  layout_honeycomb, nicolae_specific_store, serial_bayou_shore_a

Skill      XL: |  1  2  3  4  5  6  7  8  9 10 11 12 13 |
---------------+----------------------------------------+-----
Axes           | 3 4 5 6 |  6.5
Dodging        | 3 4 5 6 |  6.8
Armour         | 1 2 3 4 5 6 7 |  7.8
Fighting       | 3 4 5 6 8 9 11 12 | 12.6
Stealth        | 1 2 3 |  3.8
Throwing       | 2 3 5 6 7 |  7.3
Short Blades   | 2 4 7 9 |  9.7
Ranged Weapons | 2 |  2.9
Long Blades    | 5 9 |  9.7

Action                   |  1- 3 |  4- 6 |  7- 9 | 10-12 | 13-15 || total
-------------------------+-------+-------+-------+-------+-------++-------
Melee: War axe           |    76 |    83 |    26 |       |       ||   185
       Tailslap          |       |     6 |    29 |   116 |    54 ||   205
       Dagger            |       |       |   103 |       |       ||   103
       Punch             |       |       |     3 |       |       ||     3
       Rapier            |       |       |    60 |   423 |       ||   483
       Scimitar          |       |       |       |   169 |   214 ||   383
 Fire: Sling             |       |       |       |    16 |       ||    16
Throw: Throwing net      |       |     3 |       |       |       ||     3
       Javelin           |       |     1 |       |       |       ||     1
       Boomerang         |       |       |    67 |    89 |    21 ||   177
Invok: Lunge             |     7 |    14 |    25 |    50 |    13 ||   109
       Whirlwind         |     6 |     2 |    34 |    39 |    22 ||   103
       Heavenly Storm    |       |       |       |       |     2 ||     2
 Abil: Wall Jump         |       |     1 |     1 |     5 |     1 ||     8
Evoke: Wand              |       |       |       |       |     1 ||     1
       Box of beasts     |       |       |       |       |     1 ||     1
  Use: Potion            |       |     2 |       |     1 |     4 ||     7
       Scroll            |       |       |    16 |    17 |     6 ||    39
 Stab: Sleeping          |     1 |     1 |     1 |       |       ||     3
       Paralysed         |       |       |       |     1 |       ||     1
Armor: Leather armour    |    19 |     3 |       |       |       ||    22
       Ring mail         |       |    23 |    38 |       |       ||    61
       Scale mail        |       |       |    12 |   164 |    78 ||   254
       Ice dragon scales |       |       |       |    39 |       ||    39
Dodge: Dodged            |    32 |    33 |    87 |   344 |   150 ||   646
